 Dungeon Crawl Stone Soup version 0.30-b1-2-g02819fbbbe (webtiles) character file.

Game seed: 12765788156450423242

38 Alarkh the Shooter (level 3, -4/27 HPs)
             Began as a Demonspawn Hunter on May 25, 2023.
             Killed from afar by Ijyb (12 damage)
             ... with a puff of flame
             ... on level 3 of the Dungeon.
             The game lasted 00:01:07 (1070 turns).

Alarkh the Shooter (Demonspawn Hunter)              Turns: 1070, Time: 00:01:08

Health: -4/27      AC:  3    Str: 11    XL:     3   Next: 25%
Magic:  3/3        EV: 11    Int: 12    God:
Gold:   82         SH:  0    Dex: 16    Spells: 2/2 levels left

rFire   . . .        a - +0 shortbow
rCold   . . .        (shield currently unavailable)
rNeg    . . .        c - +0 leather armour
rPois   .            (no helmet)
rElec   .            (no cloak)
rCorr   .            (no gloves)
SInv    .            (no boots)
Will    .....        (no amulet)
Stlth   +            (no ring)
HPRegen 0.24/turn    (no ring)
MPRegen 0.08/turn

%: no passive effects
@: no status effects
A: hooves 1, demonic touch 1
a: no special abilities


You were on level 3 of the Dungeon.
You visited 1 branch of the dungeon, and saw 3 of its levels.

You collected 82 gold pieces.

Inventory:

Hand Weapons
 a - a +0 shortbow (weapon)
Armour
 c - a +0 leather armour (worn)
Scrolls
 b - a scroll of immolation
 d - a scroll of torment {unknown}
 f - a scroll of identify {unknown}
 h - a scroll of fog {unknown}
Potions
 e - a potion of curing {unknown}
 g - a potion of flight {unknown}


   Skills:
 - Level 2.0 Fighting
 + Level 4.7 Ranged Weapons
 - Level 1.7 Dodging
 - Level 0.8 Stealth


You had 2 spell levels left.
You didn't know any spells.
Your spell library was empty.

Dungeon Overview and Level Annotations

Branches:
Dungeon (2/15)

Altars:

Annotations:
D:3 Ijyb


Innate Abilities, Weirdness & Mutations

You have large cloven feet.
Your touch may inflict minor irresistible damage on your foes.


Message History

A rat comes into view.
Ijyb screams, "Me kill you!"
Ijyb zaps a wand.
The puff of flame hits you!
Okay, then.
Okay, then.
Okay, then.
You shoot an arrow. The arrow hits Ijyb.
Ijyb is lightly wounded.
You shoot an arrow. The arrow hits Ijyb.
Ijyb is moderately wounded.
You shoot an arrow. The arrow barely misses Ijyb.
You shoot an arrow. The arrow closely misses Ijyb.
The arrow hits the rat.
The rat is moderately wounded.
You shoot an arrow. The arrow hits Ijyb.
Ijyb is moderately wounded.
You shoot an arrow. The arrow closely misses Ijyb.
The arrow hits the rat!
You kill the rat!
Ijyb hits you with a +0 club.
Ijyb zaps a wand.
The puff of flame hits you!
You shoot an arrow. The arrow hits Ijyb.
Ijyb is heavily wounded.
Ijyb hits you with a +0 club.
You are too injured to fight recklessly!
You shoot an arrow. The arrow hits Ijyb.
Ijyb is heavily wounded.
Ijyb hits you with a +0 club.
You shoot an arrow. The arrow hits Ijyb.
Ijyb is severely wounded.
Ijyb barely misses you. Ijyb hits you with a +0 club.
* * * LOW HITPOINT WARNING * * *
You shoot an arrow. The arrow hits Ijyb.
Ijyb is severely wounded.
A bat comes into view.
Ijyb barely misses you.
You shoot an arrow. The arrow hits Ijyb.
Ijyb is severely wounded.
Ijyb closely misses you.
You shoot an arrow. The arrow hits Ijyb.
Ijyb is almost dead.
Ijyb zaps a wand.
The puff of flame hits you!
You die...

#.. ##. #.. ..# ##..
... ####...###.#
.........#.# .
#...#†#.# ..# #.....#
...r##.#.#.########.#
..#........bg@......#
........##.##########
..#........# .
#.#.#.#### #.#.#.# #
....# .### #. #


You could see Ijyb and a bat.

Vanquished Creatures
  A dart slug (D:1)
  2 bats (D:1)
  2 endoplasms (D:1)
  3 giant cockroaches
  4 goblins (D:1)
  3 hobgoblins (D:1)
  3 jackals (D:1)
  2 kobolds (D:1)
  A quokka (D:1)
  5 ball pythons (D:1)
  3 frilled lizards (D:1)
  4 rats
33 creatures vanquished.

Notes
Turn   | Place    | Note
-------+----------+-------------------------------------------
     0 | D:1      | Alarkh the Demonspawn Hunter began the quest for the Orb.
     0 | D:1      | Reached XP level 1. HP: 16/16 MP: 1/1
   109 | D:1      | Found a faded altar of an unknown god.
   134 | D:1      | Reached skill level 4 in Ranged Weapons
   140 | D:1      | Discovered your monstrous ancestry.
   140 | D:1      | Gained mutation: Your touch may inflict minor irresistible
                  | damage on your foes. [demonic ancestry]
   140 | D:1      | Reached XP level 2. HP: 22/22 MP: 2/2
   584 | D:1      | Gained mutation: You have large cloven feet. [demonic
                  | ancestry]
   584 | D:1      | Reached XP level 3. HP: 26/27 MP: 3/3
  1035 | D:2      | You fall into a shaft and drop 1 floor!
  1051 | D:3      | Noticed Ijyb
  1070 | D:3      | Killed from afar by Ijyb

Illustrated notes

Levels and vault maps discovered:
D:1:      spicycebolla_arrival_xxxplode, layout_loops_corners,
          shapermc_ecumenical_altar_mp_ritualfount, minmay_cut_off
D:2:      layout_basic, uniq_sigmund
D:3:      layout_loops_cross, mainiacjoe_overflow_small_starburst,
          lightli_corner_chamber, uniq_ijyb

Skill      XL: |  1 |
---------------+----+-----
Ranged Weapons | 4 |  4.7
Fighting       | |  2.0
Dodging        | |  1.7
Stealth        | |  0.8

Action                     || total
---------------------------++-------
   Fire: Shortbow          ||   105
 Armour: Leather armour    ||    15
  Dodge: Dodged            ||    43
